 Dungeon Crawl Stone Soup version 0.18-a0-1084-g259f6cf (webtiles) character file.

3849 Vodkovich the Scholar of Death (level 9, 0/64 HPs)
             Began as a Demonspawn Necromancer on Jan 15, 2016.
             Was a Follower of Kikubaaqudgha.
             Slain by an ice beast (10 damage)
             ... on level 8 of the Dungeon.
             The game lasted 00:36:29 (7760 turns).

Vodkovich the Scholar of Death (DsNe)               Turns: 7760, Time: 00:36:30

Health: 0/64       AC:  5    Str: 15    XL:     9   Next: 98%
Magic:  24/28      EV: 16    Int: 20    God:    Kikubaaqudgha [*.....]
Gold:   390        SH:  0    Dex: 18    Spells: 6 memorised, 6 levels left

rFire  . . .     SeeInvis .     A - +3 whip (venom)
rCold  . . .     Gourm    .     E - +1 robe of the Jabberwock {Regen+ Str+2}
rNeg   . . .     Faith    .     (no shield)
rPois  .         Spirit   .     z - +0 helmet
rElec  .         Dismiss  .     (no cloak)
rCorr  .         Reflect  .     n - +0 pair of gloves
SustAt .         Harm     .     (no boots)
MR     +....                    (no amulet)
Stlth  +++.......               I - ring of protection from magic
                                x - ring of magical power

@: mighty, regenerating, somewhat resistant to hostile enchantments, fairly
stealthy
A: thin skeletal structure 2, powered by death 1, spiny 1
a: Receive Corpses, Renounce Religion


You were on level 8 of the Dungeon.
You worshipped Kikubaaqudgha.
Kikubaaqudgha was aware of your devotion.
You were near starving.

You visited 2 branches of the dungeon, and saw 9 of its levels.
You also visited: Sewer.

You collected 390 gold pieces.

Inventory:

Hand Weapons
 A - a +3 whip of venom (weapon)
Armour
 n - a +0 pair of gloves (worn)
 z - a +0 helmet (worn)
 E - the +1 robe of the Jabberwock (worn) {Regen+ Str+2}
   (You found it on level 5 of the Dungeon)

   It affects your strength (+2).
   It increases your rate of regeneration.
Jewellery
 o - an uncursed ring of fire
 x - a ring of magical power (left hand)
 I - a ring of protection from magic (right hand)
 N - an uncursed amulet of dismissal
 P - an uncursed ring of fire
Wands
 y - a wand of flame (0/48)
 C - a wand of flame (1/48)
 F - a wand of fireball (4/15)
Scrolls
 e - 10 scrolls of identify
 h - 3 scrolls of enchant armour
 i - a scroll of amnesia {unknown}
 k - a scroll of remove curse
 p - 4 scrolls of teleportation
 q - a scroll of fear
 w - 3 scrolls of enchant weapon
 D - 3 scrolls of fog {unknown}
 K - a scroll of magic mapping {unknown}
Potions
 a - a potion of lignification
 g - 6 potions of curing
 j - 4 potions of might
 l - a potion of cure mutation {unknown}
 m - a potion of poison {unknown}
 r - 2 potions of brilliance {unknown}
 s - a potion of magic {unknown}
 u - a potion of flight {unknown}
 v - a potion of agility {unknown}
 H - 2 potions of haste {unknown}
 J - a potion of invisibility {unknown}
 O - a potion of berserk rage {unknown}
 Q - a potion of mutation {unknown}
Books
 b - a book of Necromancy

   Spells                             Type                      Level
   a - Pain                           Necromancy                   1
   b - Animate Skeleton               Necromancy                   1
   c - Vampiric Draining              Necromancy                   3
   d - Regeneration                   Charms/Necromancy            3
   e - Animate Dead                   Necromancy                   4
   f - Control Undead                 Necromancy                   4
 L - Kikubaaqudgha's Compendium of Dark Magic
   (Kikubaaqudgha gifted it to you on level 7 of the Dungeon)

   Spells                             Type                      Level
   a - Animate Skeleton               Necromancy                   1
   b - Corpse Rot                     Necromancy                   2
   c - Sublimation of Blood           Necromancy                   2
   d - Vampiric Draining              Necromancy                   3
   e - Control Undead                 Necromancy                   4
Comestibles
 c - 5 bread rations
 d - a royal jelly
 f - 4 meat rations
 B - 3 fruits
 G - 2 slices of pizza


   Skills:
 + Level 3.5 Fighting
 + Level 2.1 Maces & Flails
 + Level 0.8 Armour
 + Level 5.5 Dodging
 - Level 1.8 Stealth
 + Level 7.1 Spellcasting
 + Level 0.5 Charms
 * Level 11.1 Necromancy
 + Level 1.4 Evocations


You had 6 spell levels left.
You knew the following spells:

 Your Spells              Type           Power        Failure   Level  Hunger
a - Pain                  Necr           ####         1%          1    None
b - Animate Skeleton      Necr           N/A          1%          1    None
c - Vampiric Draining     Necr           ######....   1%          3    #......
d - Regeneration          Chrm/Necr      ####......   2%          3    #......
e - Animate Dead          Necr           N/A          1%          4    ###....
f - Control Undead        Necr           ######....   1%          4    ###....


Dungeon Overview and Level Annotations

Branches:
Dungeon (8/15)             Temple (1/1) D:5            Lair (0/8) D:8

Altars:
Ashenzari
Cheibriados
Dithmenos
Elyvilon
Fedhas
Gozag
Kikubaaqudgha
Makhleb
Okawaru
Pakellas
Qazlal
Ru
Sif Muna
Trog
Vehumet
Xom
Yredelemnul
Zin


Innate Abilities, Weirdness & Mutations

You have a moderately thin skeletal structure (Dex +4, Stealth+).
You regenerate a little health from kills.
You are partially covered in sharp spines.


Message History

Confirm with . or Enter, or press ? or * to list all spells.
Your skin crawls.
You are near starving!
The ice beast is struck by your spines. The ice beast hits you.
* * * LOW HITPOINT WARNING * * *
The ice beast freezes you!
* * * LOW HITPOINT WARNING * * *
Drink which item? (? for menu, Esc to quit)
You feel better. The ice beast is struck by your spines.
The ice beast misses you.
Drink which item? (? for menu, Esc to quit)
You feel very mighty all of a sudden. The ice beast is struck by your spines.
The ice beast misses you.
You whack the ice beast!
The ice beast is almost dead.
The ice beast hits you.
* * * LOW HITPOINT WARNING * * *
The ice beast freezes you!
You die...
Kikubaaqudgha rasps: "You have failed me!
Welcome... death!"

#..# #.##.# #..#
#.##.# #..####.##.#
#.......##.#
#.#........#
#.#.######## #. #.#.#
#. #Y#.# #.# #@#.#
#.## #####.#.# #..##
#.....#.#
#...#######...###.#
#..#.......#..# #.#
#....#...#....# #.#
##...##P.P##...# #.#
##.#..PPPPP..#.# #.#
##.#.)PP>P...#.###.##


You could see an ice beast.

Vanquished Creatures
  The ghost of Zigma the Grappler, a novice DrMo of Yredelemnul (D:8)
  An unseen horror (D:7)
  The ghost of Vodkovich the Covert, a novice KoAs of Nemelex Xobeh (D:5)
  Prince Ribbit (D:8)
  Menkaure (D:7)
  A water moccasin (D:5)
  An ice beast (D:7)
  4 ogres
  2 centaurs (D:8)
  A big kobold (Sewer)
  A water moccasin zombie (D:7)
  A wyvern zombie (D:6)
  5 wights (D:7)
  3 crimson imps
  5 hounds
  A centaur zombie (D:5)
  A gnoll shaman (D:5)
  3 orc priests
  8 orc wizards
  An iguana (D:4)
  Natasha (thrice) (D:3)
  2 worker ants
  Robin (D:3)
  5 gnolls
  6 adders
  3 river rats (Sewer)
  A shadow imp (D:7)
  2 oozes
  An adder zombie (D:8)
  2 adder skeletons
  3 worms
  14 giant geckos
  13 orcs
  9 giant cockroaches
  16 goblins
  10 hobgoblins
  7 jackals
  4 quokkas
  4 ball pythons
  10 bats
  9 giant newts
  19 kobolds
  A quokka zombie (D:5)
  28 rats
216 creatures vanquished.

Vanquished Creatures (collateral kills)
  A river rat (Sewer)
  An adder (Sewer)
2 creatures vanquished.

Grand Total: 218 creatures vanquished

Notes
Turn   | Place    | Note
--------------------------------------------------------------
     0 | D:1      | Vodkovich the Demonspawn Necromancer began the quest for the Orb.
     0 | D:1      | Reached XP level 1. HP: 13/13 MP: 3/3
   125 | D:1      | Gained mutation: You are partially covered in sharp spines. [demonic ancestry]
   125 | D:1      | Reached XP level 2. HP: 1/19 MP: 1/5
   549 | D:1      | Reached skill level 5 in Necromancy
   827 | D:1      | Learned a level 1 spell: Animate Skeleton
   907 | D:1      | Reached XP level 3. HP: 22/24 MP: 4/6
   912 | D:1      | Learned a level 3 spell: Vampiric Draining
  1834 | D:2      | Gained mutation: You have a somewhat thin skeletal structure (Dex +2, Stealth). [demonic ancestry]
  1834 | D:2      | Reached XP level 4. HP: 26/31 MP: 5/8
  1840 | D:2      | Learned a level 3 spell: Regeneration
  2203 | D:3      | Noticed an ogre
  2212 | D:3      | Killed an ogre
  2212 | D:3      | Reached skill level 6 in Necromancy
  2212 | D:3      | Gained mutation: You have a moderately thin skeletal structure (Dex +4, Stealth+). [demonic ancestry]
  2212 | D:3      | Reached XP level 5. HP: 17/36 MP: 3/10
  2265 | D:3      | Noticed Natasha
  2279 | D:3      | Killed Natasha
  2296 | D:3      | Found a glowing drain.
  2336 | Sewer    | Entered a sewer
  2606 | Sewer    | Reached XP level 6. HP: 16/42 MP: 9/11
  2879 | Sewer    | Reached skill level 7 in Necromancy
  2888 | Sewer    | Learned a level 4 spell: Animate Dead
  3336 | D:3      | Noticed Robin
  3361 | D:3      | HP: 2/42 [Robin/wand of flame (9)]
  3365 | D:3      | Killed Robin
  3372 | D:3      | Noticed Natasha
  3381 | D:3      | Killed Natasha
  3485 | D:3      | Reached skill level 1 in Fighting
  3651 | D:3      | Found a deep blue altar of Sif Muna.
  3788 | D:3      | Noticed Natasha
  3815 | D:3      | Killed Natasha
  4113 | D:3      | Reached XP level 7. HP: 46/48 MP: 11/13
  4611 | D:4      | Found a bloodstained altar of Trog.
  4829 | D:4      | Reached skill level 8 in Necromancy
  4842 | D:4      | Found a basalt altar of Yredelemnul.
  4902 | D:5      | Entered Level 5 of the Dungeon
  4904 | D:5      | Found a shattered altar of Ashenzari.
  4929 | D:5      | Found a snail-covered altar of Cheibriados.
  5081 | D:5      | Noticed Vodkovich's ghost (novice KoAs)
  5098 | D:5      | Killed Vodkovich's ghost
  5098 | D:5      | Reached skill level 5 in Spellcasting
  5106 | D:5      | Learned a level 4 spell: Control Undead
  5109 | D:5      | Gained mutation: You regenerate a little health from kills. [demonic ancestry]
  5109 | D:5      | Reached XP level 8. HP: 45/54 MP: 14/16
  5118 | D:5      | Found a shattered altar of Ashenzari.
  5174 | D:5      | Reached skill level 9 in Necromancy
  5207 | D:5      | Got a distressingly furry robe
  5230 | D:5      | Identified the cursed +1 robe of the Jabberwock {Regen+ Str+2} (You found it on level 5 of the Dungeon)
  5555 | D:5      | Found a staircase to the Ecumenical Temple.
  5562 | Temple   | Entered the Ecumenical Temple
  5569 | Temple   | Became a worshipper of Kikubaaqudgha
  6397 | D:6      | Reached skill level 10 in Necromancy
  6565 | D:7      | Reached skill level 1 in Maces & Flails
  6684 | D:7      | Reached XP level 9. HP: 34/61 MP: 18/18
  6733 | D:7      | Killed an unseen horror
  6852 | D:7      | Noticed Menkaure
  6864 | D:7      | Killed Menkaure
  7129 | D:7      | Reached * piety under Kikubaaqudgha
  7129 | D:7      | Received a gift from Kikubaaqudgha
  7130 | D:7      | Identified Kikubaaqudgha's Compendium of Dark Magic (Kikubaaqudgha gifted it to you on level 7 of the Dungeon)
  7285 | D:8      | Found a staircase to the Lair.
  7291 | D:8      | Noticed Prince Ribbit
  7303 | D:8      | Reached skill level 5 in Dodging
  7310 | D:8      | Killed Prince Ribbit
  7440 | D:8      | Noticed Zigma's ghost (novice DrMo)
  7726 | D:8      | HP: 2/64 [Zigma's ghost (19)]
  7734 | D:8      | Killed Zigma's ghost
  7734 | D:8      | Reached skill level 11 in Necromancy
  7734 | D:8      | Reached skill level 1 in Evocations
  7756 | D:8      | HP: 3/64 [ice beast (10)]
  7760 | D:8      | Slain by an ice beast

Vault maps used:
D:1:      scummos_arrival_simple_fountains
D:2:      grunt_ministairs_14
D:3:      gup_sewer_entry_pipe, led_sif_pool, uniq_natasha, uniq_robin
D:4:      nicolae_overflow_hidden_temple, first_bread, trog_butcher_becter
D:5:      old_standard_altar, cheibriados_altar_1, minmay_temple_entry_hall,
          serial_co_window_serial, co_window_paths_a, co_window_corner_a,
          co_window_of_opportunity_a, co_window_corner_a,
          co_window_of_opportunity_a, co_window_cross_2, co_window_paths_c,
          co_window_paths_c, co_window_corner_ca, co_window_4corner_b,
          co_window_paths_d, cheibrodos_ashenzari_chains
D:7:      uniq_menkaure
D:8:      dpeg_oklobed_lair, uniq_prince_ribbit1
Temple:   nicolae_temple_no_exploring_needed
Sewer:    sewer_minmay_treatment

Action                   |  1- 3 |  4- 6 |  7- 9 || total
-------------------------+-------+-------+-------++-------
Melee: Club              |     9 |    74 |       ||    83
       Unarmed           |     1 |       |       ||     1
       Whip              |       |    15 |   218 ||   233
 Cast: Pain              |    69 |    32 |    81 ||   182
       Vampiric Draining |       |    15 |    18 ||    33
       Animate Skeleton  |       |     3 |     2 ||     5
       Animate Dead      |       |     1 |       ||     1
       Control Undead    |       |       |     3 ||     3
       Regeneration      |       |       |    11 ||    11
Evoke: Wand              |       |       |    23 ||    23
  Use: Potion            |       |     6 |     7 ||    13
       Scroll            |       |       |     8 ||     8
 Stab: Sleeping          |       |    10 |    10 ||    20
       Distracted        |       |     1 |     1 ||     2
  Eat: Chunk             |     3 |     9 |    12 ||    24
